 Dungeon Crawl Stone Soup version 0.31-a0-150-g89dc3ad700 (webtiles) character file.

Game seed: 13978114007977374788

13111 qw the Marksminotaur (level 11, -1/102 HPs)
             Began as a Minotaur Hunter on June 8, 2023.
             Was an Elder of Okawaru.
             Slain by a yak (13 damage)
             ... on level 2 of the Lair of Beasts.
             The game lasted 00:04:53 (9560 turns).

qw the Marksminotaur (Minotaur Hunter)              Turns: 9560, Time: 00:04:53

Health: -1/102     AC:  8    Str: 17    XL:     11   Next: 71%
Magic:  13/13      EV: 19    Int:  6    God:    Okawaru [****..]
Gold:   569        SH:  0    Dex: 17    Spells: 10/10 levels left

rFire   + . .        Y - +0 orcbow
rCold   + . .        (shield currently unavailable)
rNeg    + . .        i - +3 leather armour {rN+}
rPois   +            (helmet restricted)
rElec   .            f - scarf {rC+ rF+}
rCorr   .            h - +0 pair of gloves
SInv    .            (no boots)
Will    +....        d - amulet of regeneration
Stlth   +++          q - ring of poison resistance
HPRegen 1.17/turn    e - ring of willpower
MPRegen 0.13/turn

%: no passive effects
@: about to teleport, heroic, mesmerised
A: horns 2, retaliatory headbutt
a: Renounce Religion, Heroism, Finesse


You were on level 2 of the Lair of Beasts.
You worshipped Okawaru.
Okawaru was greatly pleased with you.
You visited 3 branches of the dungeon, and saw 12 of its levels.

You collected 701 gold pieces.
You spent 132 gold pieces at shops.


Innate Abilities, Weirdness & Mutations

You have a pair of horns on your head.
You reflexively headbutt those who attack you in melee.


   Skills:
 - Level 11.1(16.1) Fighting
 - Level 16.0(21.0) Ranged Weapons
 - Level 3.1(8.1) Armour
 + Level 7.5(12.5) Dodging
 - Level 0.7(5.7) Stealth
 + Level 4.5 Invocations


You had 10 spell levels left.
You didn't know any spells.
Your spell library was empty.

Inventory:

Hand Weapons
 Y - a +0 orcbow (weapon)
Armour
 b - a +0 cloak of willpower
 f - a scarf of resistance (worn)
 h - a +0 pair of gloves (worn)
 i - a +3 leather armour of positive energy (worn)
Jewellery
 d - an amulet of regeneration (around neck)
 e - a ring of willpower (right hand)
 q - a ring of poison resistance (left hand)
Scrolls
 n - a scroll of identify
 o - 3 scrolls of teleportation
Potions
 a - a potion of might
 c - a potion of haste
 g - a potion of curing

Dungeon Overview and Level Annotations

Branches:
Dungeon (9/15)             Temple (1/1) D:4            Lair (2/5) D:9
  Swamp: Lair:2-3    Shoals: Lair:2-3     Snake: Lair:2-3    Spider: Lair:2-3
    Orc: D:9-12

Altars:
Ashenzari
Cheibriados
Dithmenos
Elyvilon
Fedhas
Gozag
Hepliaklqana
Kikubaaqudgha
Makhleb
Nemelex Xobeh
Okawaru
Qazlal
Ru
Sif Muna
Trog
Uskayaw
Vehumet
Wu Jian
Xom
Yredelemnul
Zin
The Shining One

Shops:
D:3 (   D:6 *

Annotations:
D:6 1 runed translucent door, Crazy Yiuf
D:7 1 runed translucent door, qw's ghost, novice GrFi


Message History

You kill the yak!
Okawaru accepts your kill.
You can now speed up your combat.
A merfolk siren comes into view. It is wielding a +0 spear.
The yak barely misses you. The yak misses you.
You shoot an arrow. The arrow hits the yak.
The yak is heavily wounded.
The merfolk siren chants a haunting song.
You are mesmerised by the merfolk siren!
You shoot an arrow. The arrow hits the yak!
The yak is severely wounded.
The yak gores you! x2
9555 ||| READING 4 scrolls of teleportation.
As you read the scroll of teleportation, it crumbles to dust.
You feel strangely unstable.
The merfolk siren chants its luring song.
The yak closely misses you. The yak gores you!
9556 ||| DRINKING potion of heal wounds.
You feel much better.
The merfolk siren chants its luring song.
The yak gores you but does no damage. The yak gores you! The yak gores you.
You shoot an arrow. The arrow hits the yak!
You kill the yak!
Okawaru accepts your kill.
The merfolk siren chants its luring song.
The yak gores you but does no damage.
You shoot an arrow.
The arrow hits the yak but does no damage.
The yak is severely wounded.
The merfolk siren chants its luring song.
The yak misses you. You furiously retaliate!
You headbutt the yak! The yak gores you but does no damage.
The yak barely misses you.
You shoot an arrow. The arrow hits the yak!!
You kill the yak!
Okawaru accepts your kill. The bullfrog hits you.
The merfolk siren chants its luring song.
You shoot an arrow. The arrow hits the yak.
The yak is moderately wounded.
The bullfrog hits you. The yak gores you!
You die...

#..>.
#7.>#P##.###
#.....
#...###### .
#.... #.%.## ..
##.7..##...#
...#....#...m#.
............#.Y.
#.........##....
.#.....YFY.# .
..Y ......%@%#..
......
......7Y#......
....# #.#......
... ......... .
#.#.Y..... ## #.
.. . # ##


You could see a merfolk siren (mesmerising), 3 yaks and a bullfrog.

Vanquished Creatures
  Erica (D:8)
  Sonja (Lair:1)
  Pikel (D:5)
  Maurice (D:8)
  2 cane toads
  Psyche (D:8)
  An unseen horror zombie (D:8)
  A queen bee (Lair:1)
  A hornet (D:8)
  5 blink frogs (Lair:1)
  Prince Ribbit (D:8)
  A shadow (D:8)
  Sigmund (D:4)
  4 yaks (Lair:2)
  A wyvern (D:9)
  A vampire (D:8)
  2 steam dragons (D:9)
  A basilisk (Lair:1)
  Menkaure (D:6)
  7 water moccasins
  A hornet zombie (D:8)
  7 black bears
  An ice beast (D:6)
  An ogre (D:5)
  7 wolves (Lair:1)
  4 centaurs
  3 kobold brigands
  5 bullfrogs
  3 scorpions
  13 wights
  2 wyvern zombies (D:8)
  40 killer bees
  4 howler monkeys
  A centaur zombie (D:8)
  4 jellies
  2 hounds
  7 orc priests
  A sleepcap (D:5)
  Ijyb (D:4)
  An iguana (D:5)
  8 orc wizards
  2 killer bee zombies (D:8)
  A howler monkey zombie (D:8)
  9 adders
  A white imp (D:5)
  An ufetubus (D:4)
  3 worms
  3 dart slugs
  32 orcs
  12 endoplasms
  5 giant cockroaches
  8 goblins
  6 hobgoblins
  4 jackals (D:4)
  26 kobolds
  7 quokkas
  9 ball pythons
  6 bats
  4 frilled lizards
  7 rats
297 creatures vanquished.

Notes
Turn   | Place    | Note
-------+----------+-------------------------------------------
     0 | D:1      | qw the Minotaur Hunter began the quest for the Orb.
     0 | D:1      | Reached XP level 1. HP: 18/18 MP: 0/0
     0 | D:1      | 0 ||| qw: Version: 0.2-a-119-g0488c42
     0 | D:1      | 0 ||| qw: Game counter: 2702
     0 | D:1      | 0 ||| qw: Always use a shield: true
     0 | D:1      | 0 ||| qw: God list: Okawaru
     0 | D:1      | 0 ||| qw: Allow faded altars: false
     0 | D:1      | 0 ||| qw: Do Orc after D:15 true
     0 | D:1      | 0 ||| qw: Do second Lair branch before Depths: true
     0 | D:1      | 0 ||| qw: Lair rune preference: random
     0 | D:1      | 0 ||| qw: Plans: Normal
     0 | D:1      | 0 ||| PLANNING D:1-11
   109 | D:1      | Reached XP level 2. HP: 25/25 MP: 1/1
   123 | D:1      | Reached skill level 5 in Ranged Weapons
   267 | D:1      | Reached skill level 3 in Fighting
   318 | D:1      | 318 ||| FLEEEEING.
   319 | D:1      | 319 ||| FLEEEEING.
   492 | D:1      | Reached XP level 3. HP: 31/31 MP: 2/2
   790 | D:1      | 790 ||| UPGRADING to +0 cloak.
   795 | D:1      | 795 ||| READING scroll labelled EKUVVI JEXU.
   798 | D:1      | 798 ||| READING scroll labelled YMITIS IXTUY.
   799 | D:1      | 799 ||| READING scroll labelled PUYXEI XEMEA.
   900 | D:1      | 900 ||| DRINKING 2 fuming brown potions.
   901 | D:1      | 901 ||| DROPPING scroll of butterflies.
   922 | D:2      | 922 ||| STAIRDANCE
  1167 | D:2      | Reached XP level 4. HP: 38/38 MP: 3/3
  1232 | D:2      | Reached skill level 6 in Ranged Weapons
  1626 | D:2      | Reached skill level 1 in Armour
  1680 | D:2      | 1680 ||| READING scroll labelled ROKUPECZUI.
  1681 | D:2      | 1681 ||| READING scroll labelled WOONIEQYFY.
  1682 | D:2      | 1682 ||| DRINKING 2 clear potions.
  2147 | D:3      | Found Catinun's Antique Weapon Shoppe.
  2356 | D:3      | 2356 ||| UPGRADING to +0 ring mail.
  2366 | D:3      | 2366 ||| DROPPING +0 leather armour.
  2367 | D:3      | 2367 ||| READING scroll labelled RAMURR PAKLAPT.
  2368 | D:3      | 2368 ||| READING scroll labelled GEESOU CUOTS.
  2416 | D:4      | Noticed a water elemental
  2419 | D:4      | Found a stormy altar of Qazlal.
  2420 | D:4      | Noticed an earth elemental
  2420 | D:4      | Noticed a fire elemental
  2420 | D:4      | Noticed an air elemental
  2473 | D:4      | Found a staircase to the Ecumenical Temple.
  2474 | D:4      | 2474 ||| PLANNING TEMPLE
  2482 | Temple   | Entered the Ecumenical Temple
  2490 | Temple   | 2490 ||| PLANNING OKAWARU WORSHIP
  2650 | Temple   | Became a worshipper of Warmaster Okawaru
  2650 | Temple   | 2650 ||| PLANNING D:1-11
  2782 | D:4      | Reached XP level 5. HP: 29/46 MP: 4/4
  2883 | D:4      | Noticed Sigmund
  2885 | D:4      | 2885 ||| DRINKING potion of curing.
  2885 | D:4      | 2885 ||| (to cure confusion)
  2894 | D:4      | Killed Sigmund
  2895 | D:4      | Reached skill level 7 in Ranged Weapons
  2895 | D:4      | Reached XP level 6. HP: 46/52 MP: 5/5
  2942 | D:4      | Found a radiant altar of Vehumet.
  2966 | D:4      | Noticed Ijyb
  2967 | D:4      | 2967 ||| FLEEEEING.
  2968 | D:4      | 2968 ||| FLEEEEING.
  2971 | D:4      | 2971 ||| FLEEEEING.
  2976 | D:4      | 2976 ||| FLEEEEING.
  2977 | D:4      | 2977 ||| FLEEEEING.
  2978 | D:4      | 2978 ||| FLEEEEING.
  2979 | D:4      | 2979 ||| FLEEEEING.
  2980 | D:4      | 2980 ||| FLEEEEING.
  2981 | D:4      | 2981 ||| FLEEEEING.
  2982 | D:4      | 2982 ||| FLEEEEING.
  2983 | D:4      | 2983 ||| FLEEEEING.
  2984 | D:4      | 2984 ||| FLEEEEING.
  2985 | D:4      | 2985 ||| FLEEEEING.
  2986 | D:4      | 2986 ||| FLEEEEING.
  2988 | D:4      | 2988 ||| FLEEEEING.
  2989 | D:4      | 2989 ||| FLEEEEING.
  2990 | D:4      | 2990 ||| FLEEEEING.
  2991 | D:4      | 2991 ||| FLEEEEING.
  2992 | D:4      | 2992 ||| FLEEEEING.
  3001 | D:4      | Killed Ijyb
  3430 | D:4      | 3430 ||| READING scroll labelled FAURIOS IRAUS.
  3431 | D:4      | 3431 ||| DRINKING 2 golden potions.
  3484 | D:4      | 3484 ||| DRINKING 3 green potions.
  3485 | D:4      | 3485 ||| DROPPING potion of lignification.
  3486 | D:4      | 3486 ||| DROPPING 2 potions of attraction.
  3511 | D:5      | Entered Level 5 of the Dungeon
  3602 | D:5      | Reached skill level 8 in Ranged Weapons
  3634 | D:5      | 3634 ||| FLEEEEING.
  3636 | D:5      | 3636 ||| FLEEEEING.
  3637 | D:5      | 3637 ||| FLEEEEING.
  3638 | D:5      | 3638 ||| FLEEEEING.
  3639 | D:5      | 3639 ||| FLEEEEING.
  3640 | D:5      | 3640 ||| FLEEEEING.
  3641 | D:5      | 3641 ||| FLEEEEING.
  3642 | D:5      | 3642 ||| FLEEEEING.
  3643 | D:5      | 3643 ||| STAIRDANCE
  3747 | D:5      | Reached XP level 7. HP: 50/61 MP: 6/6
  3747 | D:5      | 3747 ||| FLEEEEING.
  3748 | D:5      | 3748 ||| FLEEEEING.
  3749 | D:5      | 3749 ||| FLEEEEING.
  3750 | D:5      | 3750 ||| FLEEEEING.
  3751 | D:5      | 3751 ||| FLEEEEING.
  3752 | D:5      | 3752 ||| FLEEEEING.
  3753 | D:5      | 3753 ||| FLEEEEING.
  3754 | D:5      | 3754 ||| FLEEEEING.
  3757 | D:5      | 3757 ||| FLEEEEING.
  3758 | D:5      | 3758 ||| FLEEEEING.
  3759 | D:5      | 3759 ||| FLEEEEING.
  3760 | D:5      | 3760 ||| FLEEEEING.
  3761 | D:5      | 3761 ||| FLEEEEING.
  3762 | D:5      | 3762 ||| FLEEEEING.
  3763 | D:5      | 3763 ||| FLEEEEING.
  3764 | D:5      | 3764 ||| STAIRDANCE
  3801 | D:4      | 3801 ||| READING scroll labelled ZIESSABR DINU.
  3805 | D:5      | 3805 ||| STAIRDANCE
  3814 | D:5      | 3814 ||| STAIRDANCE
  3838 | D:5      | 3838 ||| STAIRDANCE
  3867 | D:5      | Reached * piety under Okawaru
  3892 | D:5      | 3892 ||| INVOKING Heroism.
  3906 | D:5      | 3906 ||| INVOKING Heroism.
  3910 | D:5      | Reached skill level 9 in Ranged Weapons
  4038 | D:5      | 4038 ||| SWAPPING to +0 orcbow.
  4040 | D:5      | 4040 ||| DROPPING +0 shortbow of draining.
  4123 | D:5      | Noticed Pikel
  4124 | D:5      | 4124 ||| INVOKING Heroism.
  4129 | D:5      | Killed Pikel
  4130 | D:5      | Reached skill level 6 in Dodging
  4130 | D:5      | Reached XP level 8. HP: 52/68 MP: 4/7
  4130 | D:5      | 4130 ||| Stepping ~*~*~tactically~*~*~ (outnumbered).
  4136 | D:5      | 4136 ||| INVOKING Heroism.
  4393 | D:5      | 4393 ||| INVOKING Heroism.
  4460 | D:5      | 4460 ||| UPGRADING to +0 pair of gloves.
  4465 | D:5      | 4465 ||| UPGRADING to amulet of regeneration.
  4470 | D:5      | 4470 ||| DRINKING 2 coppery potions.
  4471 | D:5      | 4471 ||| READING 2 scrolls of identify.
  4471 | D:5      | 4471 ||| IDENTIFYING amethyst potion
  4472 | D:5      | 4472 ||| DROPPING potion of brilliance.
  4526 | D:6      | Reached skill level 6 in Fighting
  4686 | D:6      | Reached skill level 1 in Invocations
  4708 | D:6      | Found a burning altar of Makhleb.
  4840 | D:6      | 4840 ||| FLEEEEING.
  4847 | D:6      | 4847 ||| INVOKING Heroism.
  5006 | D:6      | Found a runed translucent door.
  5007 | D:6      | Noticed Crazy Yiuf
  5158 | D:6      | Reached skill level 10 in Ranged Weapons
  5190 | D:6      | Found an ancient bone altar of Kikubaaqudgha.
  5281 | D:6      | Found Tyompim's Assorted Antiques.
  5284 | D:6      | 5284 ||| BUYING scroll of identify (66 gold).
  5284 | D:6      | Bought a scroll of identify for 66 gold pieces
  5284 | D:6      | 5284 ||| BUYING scroll of identify (66 gold).
  5284 | D:6      | Bought a scroll of identify for 66 gold pieces
  5370 | D:6      | Noticed Menkaure
  5371 | D:6      | 5371 ||| INVOKING Heroism.
  5384 | D:6      | Killed Menkaure
  5385 | D:6      | Reached skill level 3 in Armour
  5424 | D:6      | Found a glowing golden altar of the Shining One.
  5544 | D:6      | 5544 ||| UPGRADING to +3 leather armour of positive energy.
  5554 | D:6      | 5554 ||| DROPPING +0 ring mail.
  5555 | D:6      | 5555 ||| READING 3 scrolls of identify.
  5555 | D:6      | 5555 ||| IDENTIFYING fuming silvery potion
  5556 | D:6      | 5556 ||| READING 2 scrolls of identify.
  5556 | D:6      | 5556 ||| IDENTIFYING pink potion
  5557 | D:6      | 5557 ||| DROPPING potion of berserk rage.
  5741 | D:7      | Reached XP level 9. HP: 78/78 MP: 10/10
  5749 | D:7      | Found a runed translucent door.
  5750 | D:7      | Noticed qw's ghost (novice GrFi)
  5755 | D:7      | 5755 ||| INVOKING Heroism.
  5760 | D:7      | Reached skill level 3 in Invocations
  6003 | D:7      | 6003 ||| INVOKING Heroism.
  6117 | D:7      | 6117 ||| INVOKING Heroism.
  6513 | D:7      | 6513 ||| Stepping ~*~*~tactically~*~*~ (outnumbered).
  6635 | D:7      | 6635 ||| INVOKING Heroism.
  6637 | D:7      | 6637 ||| INVOKING Heroism.
  6642 | D:7      | Reached skill level 11 in Ranged Weapons
  6868 | D:7      | 6868 ||| UPGRADING to scarf of resistance.
  6878 | D:7      | 6878 ||| DROPPING amulet of guardian spirit.
  6879 | D:7      | 6879 ||| DROPPING ring of magical power.
  6880 | D:7      | 6880 ||| UPGRADING to ring of poison resistance.
  6881 | D:7      | 6881 ||| READING 3 scrolls labelled NUNAM SAPLE.
  6882 | D:7      | 6882 ||| READING 2 scrolls labelled GOKKEPSIASK.
  6883 | D:7      | 6883 ||| READING 2 scrolls of identify.
  6883 | D:7      | 6883 ||| IDENTIFYING red potion
  6884 | D:7      | 6884 ||| DROPPING 2 scrolls of magic mapping.
  6885 | D:7      | 6885 ||| DROPPING scroll of poison.
  6913 | D:8      | 6913 ||| INVOKING Heroism.
  6968 | D:8      | Noticed Maurice
  6978 | D:8      | 6978 ||| INVOKING Heroism.
  6999 | D:8      | Killed Maurice
  7000 | D:8      | Reached skill level 12 in Ranged Weapons
  7057 | D:8      | Noticed Prince Ribbit
  7058 | D:8      | 7058 ||| INVOKING Heroism.
  7071 | D:8      | Killed Prince Ribbit
  7089 | D:8      | 7089 ||| INVOKING Heroism.
  7130 | D:8      | 7130 ||| INVOKING Heroism.
  7133 | D:8      | Reached XP level 10. HP: 57/88 MP: 9/12
  7144 | D:8      | 7144 ||| FLEEEEING.
  7145 | D:8      | 7145 ||| FLEEEEING.
  7146 | D:8      | 7146 ||| FLEEEEING.
  7147 | D:8      | 7147 ||| FLEEEEING.
  7148 | D:8      | 7148 ||| FLEEEEING.
  7149 | D:8      | 7149 ||| INVOKING Heroism.
  7270 | D:8      | Reached skill level 13 in Ranged Weapons
  7272 | D:8      | 7272 ||| INVOKING Heroism.
  7402 | D:8      | Noticed Erica
  7403 | D:8      | 7403 ||| INVOKING Heroism.
  7412 | D:8      | Killed Erica
  7413 | D:8      | Reached skill level 9 in Fighting
  7417 | D:8      | Reached ** piety under Okawaru
  7427 | D:8      | Noticed Psyche
  7430 | D:8      | 7430 ||| Stepping ~*~*~tactically~*~*~ (outnumbered).
  7432 | D:8      | 7432 ||| INVOKING Heroism.
  7433 | D:8      | 7433 ||| Stepping ~*~*~tactically~*~*~ (outnumbered).
  7442 | D:8      | Killed Psyche
  7616 | D:8      | 7616 ||| FLEEEEING.
  7617 | D:8      | 7617 ||| FLEEEEING.
  7618 | D:8      | 7618 ||| FLEEEEING.
  7619 | D:8      | 7619 ||| FLEEEEING.
  7635 | D:8      | Found a flagged portal.
  7743 | D:8      | 7743 ||| DROPPING +0 cloak.
  7744 | D:8      | 7744 ||| READING 2 scrolls of identify.
  7744 | D:8      | 7744 ||| IDENTIFYING sedimented silvery potion
  7885 | D:9      | 7885 ||| INVOKING Heroism.
  7888 | D:9      | Reached skill level 14 in Ranged Weapons
  8093 | D:9      | 8093 ||| INVOKING Heroism.
  8160 | D:9      | 8160 ||| INVOKING Heroism.
  8179 | D:9      | Found a staircase to the Lair.
  8205 | D:9      | Reached XP level 11. HP: 99/99 MP: 13/13
  8347 | D:9      | 8347 ||| INVOKING Heroism.
  8639 | D:9      | 8639 ||| PLANNING LAIR
  8639 | D:9      | 8639 ||| UPGRADING to ring of willpower.
  8640 | D:9      | 8640 ||| READING scroll labelled EDESIUCVIELI.
  8680 | Lair:1   | Entered Level 1 of the Lair of Beasts
  8708 | Lair:1   | 8708 ||| DRINKING potion of cancellation.
  8770 | Lair:1   | Reached skill level 15 in Ranged Weapons
  8778 | Lair:1   | 8778 ||| INVOKING Heroism.
  8818 | Lair:1   | 8818 ||| INVOKING Heroism.
  8963 | Lair:1   | Reached *** piety under Okawaru
  9059 | Lair:1   | 9059 ||| INVOKING Heroism.
  9089 | Lair:1   | 9089 ||| INVOKING Heroism.
  9100 | Lair:1   | Reached skill level 16 in Ranged Weapons
  9132 | Lair:1   | Noticed Sonja
  9155 | Lair:1   | 9155 ||| INVOKING Heroism.
  9156 | Lair:1   | Killed Sonja
  9217 | Lair:1   | Reached **** piety under Okawaru
  9236 | Lair:1   | 9236 ||| INVOKING Heroism.
  9434 | Lair:1   | 9434 ||| DROPPING potion of ambrosia.
  9468 | Lair:2   | 9468 ||| INVOKING Heroism.
  9540 | Lair:2   | 9540 ||| INVOKING Heroism.
  9554 | Lair:2   | HP: 17/102 [yak (12)]
  9555 | Lair:2   | 9555 ||| READING 4 scrolls of teleportation.
  9555 | Lair:2   | HP: 1/102 [yak (10)]
  9556 | Lair:2   | 9556 ||| DRINKING potion of heal wounds.
  9560 | Lair:2   | HP: 12/102 [bullfrog (6)]
  9560 | Lair:2   | Slain by a yak

Levels and vault maps discovered:
D:1:      erik_arrival_orb_chamber, layout_basic, serial_curves, eino_curves_04,
          eino_curves_03, minmay_misc_feat_rugged
D:2:      layout_loops_ring, serial_aquarium, aquarium_bridge_island_large
          [aquarium_subvault_large_water, aquarium_subvault_bridge,
          aquarium_subvault_bridge, aquarium_subvault_bridge,
          aquarium_subvault_window], aquarium_window_fake, aquarium_window_1,
          aquarium_view_2g, aquarium_view_4, kennysheep_path_1
D:3:      layout_loops_ring, serial_shops, nicolae_shop_trees
D:4:      layout_cave_pods, lemuel_crystal_altar,
          nicolae_qazlal_style_of_elements, minmay_temple_entry_large_hall,
          uniq_sigmund, uniq_ijyb
D:5:      layout_rooms, uniq_pikel
D:6:      nicolae_cairo_tiling_large, layout_loops_ring,
          mainiacjoe_overflow_paths, mainiacjoe_overflow_24_doors,
          lemuel_coloured_pillars_altar, serial_shops,
          nicolae_shop_real_fake_doors, uniq_menkaure, uniq_crazy_yiuf_cottage
D:7:      layout_loops_corners, ebering_ghost_reflecting_pool,
          minmay_misc_feat_alley, corner_web_ring,
          nicolae_concentric_dashed_squares_wild, kennysheep_generic_room_10
D:8:      layout_basic, serial_undead, serial_undead_c, serial_undead_f,
          serial_undead_b, serial_undead_c, enter_bailey_5, uniq_psyche,
          uniq_maurice, uniq_prince_ribbit1, uniq_erica
D:9:      layout_gridville, due_lair_maze_entry_diamond
Temple:   nicolae_temple_bog_church
Lair:1:   layout_roguey [special_room_bee], uniq_sonja
Lair:2:   layout_cave_pods, minmay_shoals_entry_lonely_mermaid, worms_lemuel,
          grunt_megastairs_5, lemuel_fruit_tree

Skill      XL: |  1  2  3  4  5  6  7  8  9 10 11 |
---------------+----------------------------------+-----
Ranged Weapons | 5 6 7 8 9 10 12 14 16 | 16.0
Fighting       | 3 4 5 6 8 10 11 | 11.1
Armour         | 1 2 3 |  3.1
Dodging        | 6 7 |  7.5
Invocations    | 2 4 |  4.5
Stealth        | |  0.7

Action                     |  1- 3 |  4- 6 |  7- 9 | 10-12 || total
---------------------------+-------+-------+-------+-------++-------
   Fire: Shortbow          |   121 |   190 |    30 |       ||   341
         Orcbow            |       |       |   290 |   534 ||   824
 Invoke: Heroism           |       |       |    16 |    16 ||    32
    Use: Scroll            |     3 |     5 |     7 |     3 ||    18
         Potion            |     1 |     4 |     1 |     2 ||     8
 Armour: Leather armour    |     8 |     7 |    22 |    84 ||   121
         Ring mail         |       |    26 |    25 |       ||    51
  Dodge: Dodged            |    31 |    60 |   128 |   250 ||   469

Table legend:
 A = Non-vault XP
 B = Vault XP
 C = Vault XP percentage of total XP
 D = Non-vault monster count
 E = Vault monster count
 F = Vault count percentage of total count
                 A         B        C        D         E       F
            +---------+---------+-------+---------+---------+-------
      Total |   10654 |    8077 |  43.1 |     235 |      62 |  20.9
            +---------+---------+-------+---------+---------+-------
        D:1 |      64 |       0 |   0.0 |      30 |       0 |   0.0
        D:2 |      53 |       0 |   0.0 |      21 |       0 |   0.0
        D:3 |      49 |       0 |   0.0 |      14 |       0 |   0.0
        D:4 |      95 |     250 |  72.5 |      19 |       2 |   9.5
        D:5 |     771 |     641 |  45.4 |      33 |       1 |   2.9
        D:6 |     585 |     169 |  22.4 |      14 |       1 |   6.7
        D:7 |    1375 |       0 |   0.0 |      32 |       0 |   0.0
        D:8 |    2088 |    3073 |  59.5 |      38 |      21 |  35.6
        D:9 |    1017 |    1231 |  54.8 |      11 |      10 |  47.6
     Lair:1 |    3324 |    2568 |  43.6 |      18 |      26 |  59.1
     Lair:2 |    1233 |     145 |  10.5 |       5 |       1 |  16.7
            +---------+---------+-------+---------+---------+-------
